[Event "Team 45 45 League T64"]
[Site "Internet Chess Club"]
[Date "2015.03.15"]
[Round "2"]
[White "xwang1"]
[Black "Bubacik"]
[Result "0-1"]
[WhiteElo "1992"]
[BlackElo "2183"]
[Opening "French: Tarrasch, closed variation"]
[ECO "C05"]
[Time "11:31:14"]
[TimeControl "2700+45"]

1. e4 e6 2. d4 d5 3. Nd2 Nf6 4. e5 Nfd7 5. Ngf3 c5 6. c3 Nc6 7. Bd3 h5 8. O-O g5
9. dxc5 g4 10. Nd4 Ncxe5 11. Bb5 Bxc5 12. N2b3 Bd6 13. f4 gxf3 14. Nxf3 a6 15.
Be2 Nxf3+ 16. Bxf3 Ne5 17. Qe2 Bd7 18. Nd4 Qc7 19. Bg5 Rg8 20. h4 Rxg5 21. hxg5
O-O-O 22. Rad1 Rg8 23. Bxh5 Rxg5 24. Bxf7 Bc5 25. Qd2 Ng4 26. Qf4 Qxf4 27. Rxf4
e5 28. Rf3 Bb6 29. Kh1 Nh6 30. Rf6 Nxf7 31. Rxb6 exd4 32. cxd4 Bc6 33. Rb3 Nd6
34. Kg1 Kb8 35. Rf3 Rg4 36. b3 Nb5 37. Rfd3 Bd7 38. Kf2 Bf5 39. Rg3 Rxd4 40.
Rxd4 Nxd4 41. Rg8+ Kc7 42. g4 Bb1 43. a3 Nxb3 44. g5 Nc5 45. g6 Ne6 46. g7 Kb6
47. Ke2 d4 48. Kd2 Ba2 49. Kc2 Bd5 50. Kb2 Kb5 51. Kc2 Ka4 52. Kb2 d3 53. Rf8
Nxg7 54. Rf4+ Kb5 55. Rd4 Kc5 56. Rxd3 Ne6 57. Rd1 Nc7 58. Re1 Nb5 59. Rc1+ Kb6
60. Rd1 Bc6 61. Kb3 a5 62. Rd2 Nc7 63. Rh2 Bd5+ 64. Kb2 Nb5 65. Rd2 Kc5 66. Rc2+
Bc4 67. a4 Nd6 68. Ka3 Kd4 69. Rd2+ Bd3 70. Kb3 Ne4 71. Rh2 Nc5+ 72. Ka3 Be4 73.
Rh8 Bc6 74. Rd8+ Ke5 75. Rh8 Kd6 76. Rh6+ Kc7 77. Rh7+ Kb6 78. Rh2 Nxa4 79. Rh8
Nc3 80. Rh3 Nb5+ 81. Kb3 Nd4+ 82. Ka3 Kc5 83. Rh5+ Bd5 84. Rh8 b5 85. Rb8 b4+
86. Ka4 Bb3+ 87. Kxa5 Nc6+ {White resigns} 0-1

[Event "Team 45 45 League T64"]
[Site "Internet Chess Club"]
[Date "2015.03.17"]
[Round "2"]
[White "Woss"]
[Black "charles-allen"]
[Result "1-0"]
[WhiteElo "2182"]
[BlackElo "1862"]
[Opening "Petrov: modern attack, Symmetrical variation"]
[ECO "C43"]
[Time "10:00:41"]
[TimeControl "2700+45"]

1. e4 e5 2. Nf3 Nf6 3. d4 Nxe4 4. Bd3 d5 5. Nxe5 Nd7 6. Nxd7 Bxd7 7. O-O Qf6 8.
Bxe4 dxe4 9. Nc3 O-O-O 10. Nxe4 Qg6 11. Qd3 f5 12. Nc3 Bd6 13. Re1 Qh5 14. h3
Rhe8 15. Bd2 g5 16. Nb5 Bxb5 17. Qxb5 g4 18. Rxe8 Rxe8 19. Qd3 Re4 20. Re1 gxh3
21. gxh3 Rh4 22. Kg2 Qg6+ 23. Kf1 Bh2 24. Ke2 Qh5+ 25. Qf3 Re4+ 26. Be3 Qg6 27.
Kd1 f4 28. Bd2 Rxd4 29. Kc1 Qd6 30. Bc3 Ra4 31. Qg4+ Kd8 32. Qg8+ {Black
resigns} 1-0

[Event "Team 45 45 League T64"]
[Site "Internet Chess Club"]
[Date "2015.03.16"]
[Round "2"]
[White "LittleButton"]
[Black "perikitosax"]
[Result "1/2-1/2"]
[WhiteElo "1854"]
[BlackElo "2017"]
[Opening "Queen's pawn game"]
[ECO "A46"]
[Time "11:05:23"]
[TimeControl "2700+45"]

1. d4 Nf6 2. Nf3 e6 3. c3 b6 4. Bg5 Bb7 5. Nbd2 Be7 6. e3 O-O 7. Bd3 c5 8. O-O
d6 9. e4 cxd4 10. cxd4 Nc6 11. a3 Nd7 12. Bxe7 Qxe7 13. Rc1 Rfc8 14. Qe2 a6 15.
Bb1 e5 16. d5 Nd8 17. Nc4 Rc7 18. Ne3 Rac8 19. Qd2 g6 20. Rxc7 Rxc7 21. Rc1 Nb8
22. Rc3 f6 23. Qc2 Rxc3 24. Qxc3 Qd7 25. Nd2 Nf7 26. h4 Qc8 27. Qxc8+ Bxc8 28.
Ndc4 Nd7 29. b4 b5 30. Na5 Nb6 31. Bd3 Kf8 32. Kf1 Bd7 33. g4 Ke8 34. f3 Kd8 35.
Ke2 Kc7 36. Nb3 Nc8 37. Nd2 Ne7 38. Ndf1 Nc8 39. Ng3 Nb6 40. Kf2 Na4 41. Ke2 Nb6
42. Kf2 Bc8 43. Ne2 Nd7 44. Ng3 Kb6 45. Ke2 Nb8 46. Kd2 Nd7 47. Bc2 {Game drawn
by mutual agreement} 1/2-1/2

[Event "Team 45 45 League T64"]
[Site "Internet Chess Club"]
[Date "2015.03.12"]
[Round "2"]
[White "deepfort"]
[Black "Greedy-Reedy"]
[Result "1-0"]
[WhiteElo "1516"]
[BlackElo "1932"]
[Opening "Scandinavian (center counter) defense"]
[ECO "B01"]
[Time "11:01:43"]
[TimeControl "2700+45"]

1. e4 d5 2. exd5 Qxd5 3. Nf3 Bg4 4. Be2 Nc6 5. d4 O-O-O 6. c4 Qf5 7. Be3 Bxf3 8.
Bxf3 Nxd4 9. Bxd4 Qe6+ 10. Be2 Qe4 11. O-O Qxd4 12. Qb3 e6 13. Nc3 Qb6 14. Qa4
Bc5 15. Ne4 Qb4 16. Nxc5 Qxc5 17. b4 Qe5 18. Qxa7 c6 19. Bf3 Qb8 20. Qb6 Qc7 21.
Qa7 Ne7 22. b5 Rd3 23. Rfb1 Rhd8 24. bxc6 Nxc6 25. Qa8+ Kd7 26. Qxb7 Ne5 27. Qe4
Ke8 28. Rb7 Qd6 29. h3 g6 30. Qh4 Rxf3 31. Qxh7 Rf5 32. Re1 Rh5 33. Qg7 Rg5 34.
Rxe5 Rxg2+ 35. Kh1 Rxf2 36. Qg8+ Qf8 37. Rxe6+ {Black resigns} 1-0

[Event "Team 45 45 League T64"]
[Site "Internet Chess Club"]
[Date "2015.03.13"]
[Round "2"]
[White "OperaDude94"]
[Black "Constrictor"]
[Result "1/2-1/2"]
[WhiteElo "1790"]
[BlackElo "1654"]
[Opening "Caro-Kann: classical, 6.h4"]
[ECO "B19"]
[Time "20:04:57"]
[TimeControl "2700+45"]

1. e4 c6 2. d4 d5 3. Nc3 dxe4 4. Nxe4 Bf5 5. Ng3 Bg6 6. h4 h6 7. Nf3 Qc7 8. h5
Bh7 9. Bd3 Bxd3 10. Qxd3 Nd7 11. Bd2 Ngf6 12. O-O-O O-O-O 13. c4 e6 14. Bc3 Bd6
15. Ne4 Nxe4 16. Qxe4 Nf6 17. Qe2 c5 18. Kb1 Kb8 19. dxc5 Qxc5 20. Ne5 Rhf8 21.
Rd3 Qc7 22. Rhd1 Ka8 23. b3 Qe7 24. Ba5 Bc7 25. Rxd8+ Rxd8 26. Rxd8+ Bxd8 27.
Bxd8 Qxd8 28. Nxf7 Qe8 29. Qd3 Nxh5 30. Qg6 Nf4 31. Qxg7 Nxg2 32. Nd6 Qb8 33.
Qxg2 Qxd6 34. Qg8+ Qb8 35. Qxe6 Qf8 36. f4 a6 37. f5 h5 38. f6 Qc5 39. Qe7 Qd4
40. b4 Qd1+ 41. Kb2 Qd2+ 42. Kb3 Qd3+ 43. Ka4 b5+ 44. cxb5 Qxb5+ 45. Kb3 Qd3+
46. Kb2 Qd2+ {Game drawn by mutual agreement} 1/2-1/2

[Event "Team 45 45 League T64"]
[Site "Internet Chess Club"]
[Date "2015.03.15"]
[Round "2"]
[White "Hal2001"]
[Black "Innes"]
[Result "1-0"]
[WhiteElo "1570"]
[BlackElo "1608"]
[Opening "Scotch gambit: Dubois-Réti defense"]
[ECO "C55"]
[Time "16:30:28"]
[TimeControl "2700+45"]

1. e4 e5 2. Nf3 Nc6 3. d4 exd4 4. Bc4 Nf6 5. e5 d5 6. Bb5 Ne4 7. Nxd4 Bd7 8.
Bxc6 bxc6 9. O-O c5 10. f3 Ng5 11. Nb3 c4 12. N3d2 Bc5+ 13. Kh1 O-O 14. f4 Ne6
15. Nf3 f5 16. Qxd5 Qe7 17. Qxc4 Kh8 18. Nc3 Rad8 19. Bd2 Bc6 20. Rad1 Rd7 21.
Qe2 Rfd8 22. Be3 Bxf3 23. Qxf3 Bxe3 24. Rxd7 Rxd7 25. Qxe3 c5 26. Nb5 Nd4 27.
Nxd4 Rxd4 28. Qb3 h6 29. c3 Rd2 30. Qb8+ Kh7 31. Qc8 Rxb2 32. Qxf5+ Kg8 33. Qc8+
Qf8 34. Qa6 Qf5 35. h3 Qe4 36. Qc8+ Kh7 37. Qg4 Qd3 38. Rd1 Rb1 39. Rxb1 Qxb1+
40. Kh2 Qxa2 41. Qf5+ Kh8 42. e6 Qe2 43. Qf8+ Kh7 44. e7 {Black resigns} 1-0

[Event "Team 45 45 League T64"]
[Site "Internet Chess Club"]
[Date "2015.03.11"]
[Round "2"]
[White "rookfish"]
[Black "Gilguli"]
[Result "0-1"]
[WhiteElo "1275"]
[BlackElo "1380"]
[Opening "Queen's pawn game, Darooha variation "]
[ECO "D02"]
[Time "17:00:24"]
[TimeControl "2700+45"]

1. d4 d5 2. Nf3 Nf6 3. Nc3 g6 4. Bf4 Nc6 5. a3 Bg4 6. Ne5 Nxe5 7. Bxe5 Bg7 8.
Qd3 c6 9. O-O-O Bh6+ 10. f4 Bf5 11. Qe3 Ng4 12. Qf3 f6 13. h3 fxe5 14. hxg4
Bxf4+ 15. Kb1 Be6 16. e4 Qd7 17. Qf2 Bxg4 18. Rd3 O-O-O 19. dxe5 Bxe5 20. Na4 d4
21. Nc5 Qd6 22. b4 Rdf8 23. Qh4 h5 24. Qe1 Rf7 25. Qc1 Rhf8 26. Qb2 Rxf1+ 27.
Rxf1 Rxf1+ 28. Ka2 b6 29. Qb3 bxc5 30. Qg8+ Kb7 31. bxc5 Qe6+ 32. Rb3+ Ka6 33.
Qd8 d3 34. Qxd3+ Ka5 35. Qd2+ Ka6 36. Qb4 Ra1# {White checkmated} 0-1

[Event "Team 45 45 League T64"]
[Site "Internet Chess Club"]
[Date "2015.03.12"]
[Round "2"]
[White "idjit"]
[Black "ahxm"]
[Result "1-0"]
[WhiteElo "1615"]
[BlackElo "1410"]
[Opening "Scotch opening"]
[ECO "C44"]
[Time "22:00:37"]
[TimeControl "2700+45"]

1. e4 e5 2. Nf3 Nc6 3. d4 d6 4. Bb5 exd4 5. Nxd4 Bd7 6. O-O Nf6 7. Nc3 Be7 8.
Bg5 Ne5 9. Bxd7+ Qxd7 10. Nf5 O-O 11. Nxe7+ Qxe7 12. Nd5 Qd8 13. Nxf6+ gxf6 14.
Bh6 Re8 15. f4 Ng6 16. Qd3 Qd7 17. f5 Qc6 18. fxg6 fxg6 19. Qb3+ Kh8 20. Qf7 Rg8
21. Qxf6+ Rg7 22. Qxg7# {Black checkmated} 1-0

[Event "Team 45 45 League T64"]
[Site "Internet Chess Club"]
[Date "2015.03.15"]
[Round "2"]
[White "anishio"]
[Black "nanning"]
[Result "0-1"]
[WhiteElo "1647"]
[BlackElo "1676"]
[Opening "Sicilian: Taimanov variation"]
[ECO "B49"]
[Time "11:00:28"]
[TimeControl "2700+45"]

1. e4 c5 2. Nf3 e6 3. d4 cxd4 4. Nxd4 Nc6 5. Nc3 Qc7 6. Be3 a6 7. Be2 Nf6 8. f3
Bb4 9. Qd2 O-O 10. O-O d5 11. Nxc6 bxc6 12. Bd3 Bd6 13. g3 e5 14. Ne2 d4 15. Bf2
c5 16. Bc4 a5 17. g4 Be6 18. Bxe6 fxe6 19. Bg3 c4 20. Kg2 Rab8 21. b3 Rfd8 22.
Bh4 Bb4 23. Qd1 d3 24. Ng3 dxc2 25. Qxc2 Rd2+ 26. Rf2 Rxc2 27. Rxc2 c3 28. Ne2
Rd8 29. Be1 Qb6 30. Bxc3 Bxc3 31. Rxc3 Rd2 32. Kf1 Qa6 33. Re3 h5 34. Ke1 Rb2
35. h3 hxg4 36. hxg4 Nh7 37. Ng3 Rg2 38. Ne2 Ng5 {White resigns} 0-1

[Event "Team 45 45 League T64"]
[Site "Internet Chess Club"]
[Date "2015.03.14"]
[Round "2"]
[White "pokerram"]
[Black "bhxm"]
[Result "1/2-1/2"]
[WhiteElo "1766"]
[BlackElo "1437"]
[Opening "Grünfeld: exchange, classical variation"]
[ECO "D86"]
[Time "14:00:47"]
[TimeControl "2700+45"]

1. d4 Nf6 2. c4 g6 3. Nc3 d5 4. cxd5 Nxd5 5. e4 Nxc3 6. bxc3 Bg7 7. Bc4 O-O 8.
h4 c5 9. Ne2 Nc6 10. Be3 cxd4 11. cxd4 Bg4 12. f3 Bd7 13. h5 gxh5 14. Rxh5 Qb6
15. Qd2 Qb4 16. Qxb4 Nxb4 17. Rc1 Rac8 18. a3 Nc6 19. Bd3 e5 20. d5 Nd4 21. Rxc8
Rxc8 22. Nxd4 exd4 23. Bh6 Bxh6 24. Rxh6 Rc1+ 25. Kd2 Ra1 26. e5 Ra2+ 27. Bc2
Bf5 28. g4 Bxc2 29. Kc1 d3 30. e6 d2+ 31. Kxd2 Bg6+ 32. Ke1 fxe6 33. dxe6 Kf8
34. f4 Rxa3 35. f5 Ra1+ {Game drawn by mutual agreement} 1/2-1/2

[Event "Team 45 45 League T64"]
[Site "Internet Chess Club"]
[Date "2015.03.11"]
[Round "2"]
[White "chessnow"]
[Black "Megasus"]
[Result "1-0"]
[WhiteElo "1828"]
[BlackElo "1536"]
[Opening "Sicilian: Taimanov variation"]
[ECO "B46"]
[Time "22:00:27"]
[TimeControl "2700+45"]

1. e4 c5 2. Nf3 Nc6 3. d4 cxd4 4. Nxd4 a6 5. Nc3 e6 6. Be2 h6 7. Be3 Qc7 8. Qd2
Ne5 9. Bf4 Nf6 10. O-O g5 11. Bg3 g4 12. Qf4 Be7 13. Qxe5 Qxe5 14. Bxe5 h5 15.
f3 Rh7 16. fxg4 Nxg4 17. Bxg4 hxg4 18. Nb3 d6 19. Bg3 b6 20. Rad1 Kd7 21. Rf4
Rg7 22. Rdf1 Ke8 23. R4f2 Bd7 24. Rd2 e5 25. Rfd1 Rg6 26. Bxe5 dxe5 27. Rxd7 Rc8
28. R7d2 b5 29. Nd5 Bg5 30. Re2 Rgc6 31. c3 Rh6 32. Ne3 g3 33. hxg3 Rcc6 34. Nf5
Rh7 35. Na5 Rc7 36. Rd6 f6 37. Re1 Kf7 38. Red1 Kg6 39. Rxa6 Rh8 40. Nc6 Rch7
41. Nxe5+ {Black resigns} 1-0

[Event "Team 45 45 League T64"]
[Site "Internet Chess Club"]
[Date "2015.03.14"]
[Round "2"]
[White "RUPIS"]
[Black "rayonline53"]
[Result "1/2-1/2"]
[WhiteElo "1602"]
[BlackElo "1463"]
[Opening "Pirc: classical (two knights) system"]
[ECO "B08"]
[Time "11:00:25"]
[TimeControl "2700+45"]

1. e4 d6 2. d4 Nf6 3. Nc3 g6 4. Nf3 Bg7 5. Bc4 O-O 6. Be3 Nxe4 7. Nxe4 d5 8. Bd3
dxe4 9. Bxe4 c6 10. Qd2 Nd7 11. O-O Nf6 12. Bd3 Bg4 13. Ne5 Qc8 14. Bh6 Bf5 15.
Bxg7 Kxg7 16. Rfe1 Bxd3 17. Qxd3 Qc7 {Game drawn by mutual agreement} 1/2-1/2

[Event "Team 45 45 League T64"]
[Site "Internet Chess Club"]
[Date "2015.03.22"]
[Round "2"]
[White "evan7284"]
[Black "hudson"]
[Result "0-1"]
[WhiteElo "1618"]
[BlackElo "1617"]
[Opening "King's Indian: Torre attack"]
[ECO "A48"]
[Time "09:00:43"]
[TimeControl "2700+45"]

1. d4 Nf6 2. Nf3 g6 3. Bg5 Ne4 4. Bh4 c5 5. e3 Bg7 6. c3 d5 7. Bd3 Nc6 8. Nbd2
cxd4 9. exd4 f5 10. O-O O-O 11. Qb3 Rf7 12. Rad1 a6 13. Ng5 Nxg5 14. Bxg5 h6 15.
Bf4 g5 16. Be5 Nxe5 17. dxe5 Bxe5 18. Nf3 Bc7 19. Rfe1 Qd6 20. Bc4 dxc4 21. Qxc4
Qc6 22. Qb3 Kg7 23. Nd4 Qb6 24. Qc4 e5 25. Nf3 Be6 26. Qe2 e4 27. Nd4 Rd8 28.
Qh5 Bc4 29. b3 Bb5 30. h4 Qg6 31. Qxg6+ Kxg6 32. hxg5 hxg5 33. c4 Bd7 34. Rd2
Ba5 35. Red1 Bxd2 36. Rxd2 Rh8 37. f3 e3 38. Re2 f4 {White resigns} 0-1

[Event "Team 45 45 League T64"]
[Site "Internet Chess Club"]
[Date "2015.03.14"]
[Round "2"]
[White "Bible-Believer"]
[Black "losscause"]
[Result "1/2-1/2"]
[WhiteElo "1541"]
[BlackElo "1621"]
[Opening "Caro-Kann: Panov-Botvinnik, Czerniak variation"]
[ECO "B13"]
[Time "22:01:22"]
[TimeControl "2700+45"]

1. e4 c6 2. d4 d5 3. exd5 cxd5 4. c4 Nf6 5. Nc3 Nc6 6. Bg5 Qa5 7. Bxf6 exf6 8.
cxd5 Bb4 9. Ne2 Ne7 10. a3 Bxc3+ 11. Nxc3 Nxd5 12. b4 Nxc3 13. Qd3 Qd5 14. Qxc3
O-O 15. Be2 Re8 16. f3 Bd7 17. Qc5 Qe6 18. Qc2 Bb5 19. Qe4 Qxe4 20. fxe4 Bxe2
21. Kxe2 Rxe4+ 22. Kd3 Rae8 23. Rhc1 Re3+ {Game drawn by mutual agreement}
1/2-1/2

[Event "Team 45 45 League T64"]
[Site "Internet Chess Club"]
[Date "2015.03.22"]
[Round "2"]
[White "Schachteufel"]
[Black "JasonModer"]
[Result "0-1"]
[WhiteElo "1725"]
[BlackElo "1852"]
[Opening "Sicilian: Kan, Polugaievsky variation"]
[ECO "B42"]
[Time "09:00:31"]
[TimeControl "2700+45"]

1. e4 c5 2. Nf3 e6 3. d4 cxd4 4. Nxd4 a6 5. Bd3 Bc5 6. Nb3 Ba7 7. Qg4 Qf6 8. Qg3
Nc6 9. O-O Nge7 10. Nc3 h6 11. Be3 O-O 12. Rae1 Qg6 13. Qh4 f5 14. Bxa7 Rxa7 15.
f4 b5 16. Rf3 Qf6 17. Qf2 fxe4 18. Nxe4 Qxb2 19. Nd6 Nf5 20. Nxf5 exf5 21. Qc5
Qf6 22. Rfe3 Rc7 23. Qb6 Qd6 24. Re5 Rb7 25. Qf2 Nxe5 26. fxe5 Qg6 27. Nc5 Rb6
28. e6 Rxe6 29. Nxe6 dxe6 30. c4 bxc4 31. Bxc4 f4 32. Qb6 f3 33. Bxe6+ Kh8 34.
Qf2 Bxe6 {White resigns} 0-1

[Event "Team 45 45 League T64"]
[Site "Internet Chess Club"]
[Date "2015.03.12"]
[Round "2"]
[White "krysto"]
[Black "Bizzy-Ketty"]
[Result "1-0"]
[WhiteElo "1620"]
[BlackElo "1523"]
[Opening "Nimzo-Indian: 4.e3 O-O, 5.Bd3"]
[ECO "E47"]
[Time "16:30:32"]
[TimeControl "2700+45"]

1. d4 Nf6 2. c4 e6 3. Nc3 Bb4 4. e3 O-O 5. Bd3 d6 6. Ne2 Nbd7 7. O-O b6 8. a3
Bxc3 9. Nxc3 Bb7 10. e4 Re8 11. Bg5 a6 12. f4 e5 13. fxe5 dxe5 14. d5 Qe7 15. b4
Qd6 16. Qf3 Rac8 17. Rad1 c6 18. Bb1 Rc7 19. Qg3 Kh8 20. Rf3 c5 21. b5 a5 22.
Rdf1 Rg8 23. Qh4 Bc8 24. Rh3 Nf8 25. Rxf6 gxf6 26. Bxf6+ Rg7 27. Qh6 Qxf6 28.
Qxf6 Bxh3 29. Kf2 Bxg2 30. Na4 Kg8 31. Nxb6 Rb7 32. Nc8 Bh3 33. Ne7+ Kh8 34. Bd3
Bg4 35. Nf5 Bxf5 36. exf5 Kg8 37. Qxe5 Rg5 38. Qf6 Rh5 39. h4 h6 40. Be2 Rxf5+
41. Qxf5 Kg7 42. Bh5 Ng6 43. Bxg6 fxg6 44. Qe5+ Kh7 45. d6 Rf7+ 46. Ke3 Rd7 47.
b6 h5 48. Qe7+ Rxe7+ 49. dxe7 Kg7 50. e8=Q Kf6 51. b7 Kf5 52. b8=Q Kg4 53. Qxg6+
Kxh4 54. Qbg3# {Black checkmated} 1-0

[Event "Team 45 45 League T64"]
[Site "Internet Chess Club"]
[Date "2015.03.16"]
[Round "2"]
[White "Berke"]
[Black "MasterD"]
[Result "1/2-1/2"]
[WhiteElo "1552"]
[BlackElo "1460"]
[Opening "French: Rubinstein variation"]
[ECO "C10"]
[Time "17:01:03"]
[TimeControl "2700+45"]

1. e4 e6 2. d4 d5 3. Nc3 dxe4 4. Nxe4 Nd7 5. Bd3 Ngf6 6. Ne2 Be7 7. O-O b6 8. c3
Bb7 9. f3 O-O 10. N4g3 c5 11. Qc2 h6 12. Be3 Qc7 13. b3 Rac8 14. Qd2 h5 15. Bg5
cxd4 16. cxd4 Bd6 17. Rac1 Qb8 18. Bh4 Rxc1 19. Rxc1 Nd5 20. Nxh5 Bxh2+ 21. Kh1
f6 22. Bc4 Bd6 23. Qd3 f5 24. Re1 Qe8 25. Bxd5 Bxd5 26. Nhf4 Bb7 27. Kg1 Qc8 28.
Nxe6 Re8 29. Qxf5 Nf8 30. d5 Nxe6 31. dxe6 Qxe6 32. Qxe6+ {Game drawn by mutual
agreement} 1/2-1/2

[Event "Team 45 45 League T64"]
[Site "Internet Chess Club"]
[Date "2015.03.15"]
[Round "2"]
[White "Jack-ONeill"]
[Black "Regista"]
[Result "0-1"]
[WhiteElo "2086"]
[BlackElo "2255"]
[Opening "Four knights: Scotch, Krause variation"]
[ECO "C47"]
[Time "15:39:50"]
[TimeControl "2700+45"]

1. e4 e5 2. Nf3 Nc6 3. Nc3 Nf6 4. d4 Bb4 5. Nxe5 Qe7 6. Nxc6 Qxe4+ 7. Qe2 Bxc3+
8. bxc3 dxc6 9. f3 Qxe2+ 10. Bxe2 Bf5 11. Bd3 Bxd3 12. cxd3 O-O-O 13. Kd2 Rd5
14. Ba3 Re8 15. Rhe1 Rxe1 16. Kxe1 Rh5 17. Kf2 Nd5 18. Re1 Nxc3 19. Re8+ Kd7 20.
Re7+ Kd8 21. Rxf7 Ra5 22. Be7+ Ke8 23. Rxg7 Rxa2+ 24. Kg3 Ne2+ 25. Kg4 Nxd4 26.
g3 h5+ {White resigns} 0-1

[Event "Team 45 45 League T64"]
[Site "Internet Chess Club"]
[Date "2015.03.14"]
[Round "2"]
[White "Pomberito"]
[Black "Ptzz"]
[Result "1-0"]
[WhiteElo "2071"]
[BlackElo "2091"]
[Opening "Caro-Kann: anti-anti-Caro-Kann defense"]
[ECO "B10"]
[Time "08:00:39"]
[TimeControl "2700+45"]

1. e4 c6 2. c4 d5 3. exd5 cxd5 4. cxd5 Nf6 5. Nc3 Nxd5 6. Nf3 g6 7. h4 Bg7 8. h5
O-O 9. hxg6 hxg6 10. Qa4 e5 11. Nxd5 Qxd5 12. Qh4 Re8 13. Bc4 Qc6 14. Ng5 Be6
15. Bxe6 Rxe6 16. Nxe6 Qxe6 17. Qd8+ Bf8 18. d3 Qe7 19. Qc8 Qd7 20. Rh8+ Kxh8
21. Qxf8+ Kh7 22. Bh6 f6 23. O-O-O Nc6 24. Qxa8 Kxh6 25. g3 Qc7 26. Qh8+ Kg5 27.
Qh4+ Kf5 28. Qh3+ Kg5 29. Kb1 Qd8 30. d4 Nxd4 31. f4+ exf4 32. Qh4+ {Black
resigns} 1-0

[Event "Team 45 45 League T64"]
[Site "Internet Chess Club"]
[Date "2015.03.13"]
[Round "2"]
[White "Holgate"]
[Black "Baseta"]
[Result "1-0"]
[WhiteElo "2032"]
[BlackElo "1849"]
[Opening "French: Rubinstein variation"]
[ECO "C03"]
[Time "11:00:37"]
[TimeControl "2700+45"]

1. e4 e6 2. d4 d5 3. Nd2 dxe4 4. Nxe4 Nd7 5. Nf3 Be7 6. Bd3 Ngf6 7. Qe2 c5 8.
Nxf6+ Nxf6 9. dxc5 Qa5+ 10. c3 Qxc5 11. Be3 Qc7 12. O-O O-O 13. Bd4 Rd8 14. Ne5
Bd7 15. Nxd7 Rxd7 16. Rad1 Qd8 17. Rd2 b6 18. Bxf6 Bxf6 19. Rfd1 Kf8 20. Be4
Rxd2 21. Rxd2 Qc8 22. Bxa8 Qxa8 23. Rd7 a5 24. Qc4 g6 25. Rc7 Qe8 26. Qc6 Bd8
27. Qd6+ Be7 28. Qd4 f6 29. Qd7 Qxd7 30. Rxd7 h5 31. Rb7 Bc5 32. a3 Ke8 33. b4
axb4 34. axb4 Bd6 35. Rxb6 Be5 36. Rxe6+ Kd7 37. Rxe5 {Black resigns} 1-0

[Event "Team 45 45 League T64"]
[Site "Internet Chess Club"]
[Date "2015.03.24"]
[Round "2"]
[White "CaptK"]
[Black "Tobiasdelmonte"]
[Result "1/2-1/2"]
[WhiteElo "1777"]
[BlackElo "1791"]
[Opening "QGD: Semi-Tarrasch defense"]
[ECO "D40"]
[Time "20:17:25"]
[TimeControl "2700+45"]

1. d4 d5 2. Nf3 Nf6 3. c4 e6 4. Nc3 c5 5. e3 Nc6 6. a3 Be7 7. dxc5 Bxc5 8. b4
Be7 9. cxd5 exd5 10. Nd4 O-O 11. Bb5 Ne5 12. O-O a6 13. Be2 b5 14. Qb3 Bb7 15.
Bb2 Nc4 16. Rfd1 g6 17. Rac1 Qd6 18. Bf3 Rfd8 19. Nde2 Qe5 20. Nxd5 Nxb2 21.
Nxe7+ Qxe7 22. Rxd8+ Rxd8 23. Bxb7 Qxb7 24. Qxb2 Ne4 25. Nd4 Qd5 26. Qc2 Nd6 27.
Qb3 Nc4 28. a4 Kg7 29. axb5 axb5 30. Nxb5 Nxe3 31. Qxe3 Qxb5 32. Qc3+ Kg8 33.
Qc7 Rd4 34. Qe7 Qxb4 35. Rc8+ Kg7 36. Qe5+ Kh6 37. Qe3+ Kg7 38. Qe5+ Kh6 39.
Qe3+ Kg7 {Game drawn by mutual agreement} 1/2-1/2

[Event "Team 45 45 League T64"]
[Site "Internet Chess Club"]
[Date "2015.03.13"]
[Round "2"]
[White "gtmorton"]
[Black "ArturitoGalacti"]
[Result "1-0"]
[WhiteElo "1957"]
[BlackElo "2011"]
[Opening "Dutch"]
[ECO "A80"]
[Time "21:30:47"]
[TimeControl "2700+45"]

1. d4 f5 2. Bf4 Nf6 3. e3 g6 4. Nf3 Bg7 5. Bc4 e6 6. Nbd2 d6 7. h3 O-O 8. Qe2
Ne4 9. c3 Kh8 10. O-O-O Qe7 11. h4 e5 12. Bg5 Bf6 13. Bh6 Rd8 14. Nxe4 fxe4 15.
Ng5 d5 16. dxe5 Nd7 17. Bxd5 Nxe5 18. Bxe4 Bg4 19. f3 Bd7 20. Rd2 Qe8 21. Rhd1
Rab8 22. h5 Bb5 23. Rxd8 Bxe2 24. Rxe8+ Rxe8 25. Rd2 Bc4 26. Bxb7 Nd3+ 27. Kb1
Rb8 28. Be4 Bxc3 29. Bxd3 Bxa2+ 30. Kxa2 Bxd2 31. Nf7+ Kg8 32. Ne5 gxh5 33. Bc4+
Kh8 34. Nf7+ Kg8 35. Nd6+ Kh8 36. Nf5 Rg8 37. Bxg8 Kxg8 38. e4 Bb4 39. Kb3
{Black resigns} 1-0

[Event "Team 45 45 League T64"]
[Site "Internet Chess Club"]
[Date "2015.03.11"]
[Round "2"]
[White "SlimeDog2"]
[Black "HumanTornado"]
[Result "1-0"]
[WhiteElo "2034"]
[BlackElo "1909"]
[Opening "QGD semi-Slav: Meran, Wade variation"]
[ECO "D47"]
[Time "21:03:23"]
[TimeControl "2700+45"]

1. d4 Nf6 2. c4 e6 3. Nf3 d5 4. Nc3 c6 5. e3 Nbd7 6. Bd3 dxc4 7. Bxc4 b5 8. Bd3
Bb7 9. O-O a6 10. a4 b4 11. Ne4 Nxe4 12. Bxe4 Nf6 13. Bd3 c5 14. dxc5 Bxc5 15.
Qe2 O-O 16. e4 e5 17. Bg5 h6 18. Bh4 Re8 19. Rac1 Bf8 20. Rfd1 Qb6 21. Bg3 Bd6
22. Nd2 Qd8 23. Nc4 Bb8 24. a5 Bc7 25. Qe1 Qe7 26. Ne3 Rac8 27. Nf5 Qf8 28. Qe3
Bxa5 29. Bh4 Rxc1 30. Rxc1 Nd7 31. Qa7 Rb8 32. Be7 Qe8 33. Qe3 Bb6 34. Qg3 g6
35. Bd6 Rc8 36. Ne7+ Kh7 37. Nxc8 Bxc8 38. Bxb4 Nf6 39. Bc3 Ng4 40. Rc2 Bd4 41.
h3 Nf6 42. Bxd4 exd4 43. Rc7 Be6 44. e5 Nd7 45. Bxa6 Qb8 46. Rc2 Qxe5 47. Qxe5
Nxe5 48. Rd2 Bc4 49. Bxc4 Nxc4 50. Rxd4 Nxb2 51. Kf1 Kg7 52. Ke2 {Black resigns}
1-0

[Event "Team 45 45 League T64"]
[Site "Internet Chess Club"]
[Date "2015.03.16"]
[Round "2"]
[White "Gilligan"]
[Black "jt2000"]
[Result "0-1"]
[WhiteElo "1957"]
[BlackElo "2161"]
[Opening "English: symmetrical variation"]
[ECO "A16"]
[Time "20:00:20"]
[TimeControl "2700+45"]

1. c4 Nf6 2. Nc3 c5 3. g3 g6 4. Bg2 Bg7 5. e3 Nc6 6. Nge2 d6 7. d4 cxd4 8. exd4
O-O 9. O-O Bf5 10. d5 Ne5 11. b3 Nd3 12. Be3 Ng4 13. Bd4 Bxd4 14. Nxd4 Qb6 15.
Nxf5 Ngxf2 16. Qe2 Nh3+ 17. Kh1 Qg1+ 18. Rxg1 Ndf2+ {White resigns} 0-1

[Event "Team 45 45 League T64"]
[Site "Internet Chess Club"]
[Date "2015.03.15"]
[Round "2"]
[White "Goli"]
[Black "willhelm"]
[Result "1/2-1/2"]
[WhiteElo "1799"]
[BlackElo "1932"]
[Opening "Ruy Lopez: exchange, Gligoric variation"]
[ECO "C69"]
[Time "18:16:29"]
[TimeControl "2700+45"]

1. e4 e5 2. Nf3 Nc6 3. Bb5 a6 4. Bxc6 dxc6 5. O-O f6 6. h3 c5 7. c3 Ne7 8. d4
cxd4 9. cxd4 exd4 10. Qxd4 Qxd4 11. Nxd4 Bd7 12. Nc3 c5 13. Nde2 O-O-O 14. Bf4
b6 15. Rfd1 Ng6 16. Bg3 Be7 17. Nd5 Kb7 18. Bc7 Rc8 19. Bxb6 Be6 20. Nxe7 Nxe7
21. Ba5 Nc6 22. Bc3 Rhd8 23. Nf4 Bf7 24. Ne2 Rxd1+ 25. Rxd1 Bxa2 26. Rd7+ Rc7
27. Rxc7+ Kxc7 28. Nf4 Bf7 29. f3 Kd6 30. Kf2 Na7 31. Nd3 Nb5 32. Ba5 Kc6 33.
Ke3 Nd6 34. Bc3 Nb5 35. Ba5 Nd6 36. Bc3 Nb5 {Game drawn by mutual agreement}
1/2-1/2

[Event "Team 45 45 League T64"]
[Site "Internet Chess Club"]
[Date "2015.03.15"]
[Round "2"]
[White "Signalman"]
[Black "spand42"]
[Result "0-1"]
[WhiteElo "1791"]
[BlackElo "1959"]
[Opening "QGD Slav"]
[ECO "D11"]
[Time "10:07:41"]
[TimeControl "2700+45"]

1. d4 d5 2. Nf3 Nf6 3. c4 c6 4. e3 e6 5. Nbd2 Nbd7 6. b3 Bd6 7. Bb2 O-O 8. Bd3
Qe7 9. Ne5 c5 10. O-O b6 11. e4 cxd4 12. exd5 Nxe5 13. Bxd4 Nxd3 {White resigns}
0-1